 Dungeon Crawl Stone Soup version 0.25-a0-589-g1e14c549ee (webtiles) character file.

Game seed: 9502194867231161875, levelgen mode: deterministic

1887 Kohma the Shield-Bearer (level 8, -3/62 HPs)
             Began as a Demonspawn Fighter on Mar 11, 2020.
             Was a Follower of Makhleb.
             Killed by divine providence
             ... invoked by an orc priest
              (11 damage)
             ... on level 6 of the Dungeon.
             The game lasted 00:12:51 (4669 turns).

Kohma the Shield-Bearer (Demonspawn Fighter)        Turns: 4669, Time: 00:12:51

Health: -3/62      AC:  7    Str: 17    XL:     8   Next: 92%
Magic:  11/11      EV:  7    Int: 11    God:    Makhleb [*.....]
Gold:   246        SH: 19    Dex: 13    Spells: 7/7 levels left

rFire    + . .     SeeInvis .   k - +1 dagger (venom)
rCold    . . .     Gourm    .   u - +3 kite shield
rNeg     . . .     Faith    .   b - +0 scale mail
rPois    .         Spirit   .   (helmet restricted)
rElec    .         Reflect  .   t - scarf {cloud immunity}
rCorr    .         Harm     .   (no gloves)
MR       +....                  (no boots)
Stlth    ..........             (no amulet)
HPRegen  0.20/turn              l - ring of protection from magic
MPRegen  0.12/turn              x - ring of protection from fire

@: no status effects
A: horns 1, large bone plates 2, spiny 1
a: Renounce Religion


You were on level 6 of the Dungeon.
You worshipped Makhleb.
Makhleb was aware of your devotion.
You were hungry.

You visited 2 branches of the dungeon, and saw 7 of its levels.

You collected 246 gold pieces.

Inventory:

Hand Weapons
 a - a +0 long sword
 k - a +1 dagger of venom (weapon)
Missiles
 i - 25 poisoned darts (quivered)
 y - a throwing net
Armour
 b - a +0 scale mail (worn)
 t - a scarf of cloud immunity (worn)
 u - a +3 kite shield (worn)
 B - a +0 tower shield
Jewellery
 c - a +2 ring of intelligence
 l - a ring of protection from magic (left hand)
 x - a ring of protection from fire (right hand)
Scrolls
 d - 2 scrolls of teleportation
 m - 3 scrolls of identify
 o - 2 scrolls of magic mapping
 s - 5 scrolls of remove curse
 A - a scroll of enchant armour
Potions
 e - 2 potions of heal wounds
 g - 2 potions of curing
 j - a potion of stabbing
 p - a potion of magic
 q - 2 potions of brilliance
 r - a potion of berserk rage
 w - a potion of mutation
 z - a potion of lignification
 C - 2 potions of might
Comestibles
 f - 8 rations
 h - 5 chunks of flesh


   Skills:
 - Level 5.0 Fighting
 + Level 6.3 Long Blades
 - Level 4.0 Armour
 + Level 6.7 Shields
 - Level 5.0 Invocations


You had 7 spell levels left.
You didn't know any spells.
Your spell library contained the following spells:

 Spells                   Type           Power        Failure   Level  Hunger
 Corona                   Hex            #......      97%         1    ##.....
 Ensorcelled Hibernation  Hex/Ice        #.....       99%         2    ###....
 Confusing Touch          Hex            #.......     100%        3    ####...
 Dazzling Flash           Conj/Hex       #.....       100%        3    ####...
 Tukima's Dance           Hex            #.......     100%        3    ####...


Dungeon Overview and Level Annotations

Branches:
Dungeon (6/15)             Temple (1/1) D:4

Altars:
Ashenzari
Dithmenos
Elyvilon
Fedhas
Gozag
Kikubaaqudgha
Makhleb
Okawaru
Qazlal
Sif Muna
Trog
Uskayaw
Vehumet
Wu Jian
Yredelemnul
Zin
The Shining One

Shops:
D:5 !(:(


Innate Abilities, Weirdness & Mutations

You have a pair of small horns on your head.
You are mostly covered in large bone plates. (SH +6)
You are partially covered in sharp spines.


Message History

You hit the orc warrior but do no damage.
The orc warrior looks as sick as possible!
Your headbutt misses the orc warrior.
The orc warrior is moderately wounded.
The orc wizard mumbles some strange words.
The orc wizard blinks!
You block the orc warrior's attack.
You are feeling hungry.
You hit the orc warrior but do no damage.
You headbutt the orc warrior, but do no damage.
The orc warrior is heavily wounded.
The orc warrior hits you with a +0 glaive!!
* * * LOW HITPOINT WARNING * * *
You barely miss the orc warrior.
The orc warrior is heavily wounded.
You feel much better.
The orc warrior hits you with a +0 glaive!!
* * * LOW HITPOINT WARNING * * *
The orc priest calls down the wrath of Beogh upon you.
Beogh smites you!
You die...

.##.#...## #.#
#### .##.#####
######(##....
....#
#...)..≈≈.≈≈..
.####
##.####.≈#+#≈..
.# #.....#.≈# .
##
#..##...≈###≈..
#..####.≈≈≈≈≈..
#..####o.####..
#..).@oo.......
#.#####oo......
#.# Z....####
..# .....#
......# ......#
.......# ....#


You could see an orc warrior, an orc priest, an orc wizard and 2 orcs.

Vanquished Creatures
  Grinder (D:6)
  Sigmund (D:2)
  A phantom (D:4)
  3 ice beasts (D:5)
  2 ogres
  3 centaurs
  2 bullfrogs (D:6)
  A scorpion (D:6)
  A water moccasin skeleton (D:6)
  A crimson imp (D:5)
  An orc priest (D:6)
  A bullfrog skeleton (D:5)
  3 orc wizards
  Jessica (D:2)
  3 iguanas
  3 worker ants
  10 adders
  An adder skeleton (D:4)
  2 worms
  3 dart slugs
  3 leopard geckos
  9 orcs
  5 giant cockroaches
  10 goblins
  11 hobgoblins
  15 jackals
  3 quokkas
  A ball python (D:1)
  7 bats
  6 frilled lizards
  7 kobolds
  2 quokka skeletons (D:5)
  5 rats
128 creatures vanquished.

Notes
Turn   | Place    | Note
-------+----------+-------------------------------------------
     0 | D:1      | Kohma the Demonspawn Fighter began the quest for the Orb.
     0 | D:1      | Reached XP level 1. HP: 18/18 MP: 1/1
    80 | D:1      | Gained mutation: You are partially covered in sharp spines.
                  | [demonic ancestry]
    80 | D:1      | Reached XP level 2. HP: 11/24 MP: 2/2
   752 | D:1      | Gained mutation: You are partially covered in large bone
                  | plates. (SH +4) [demonic ancestry]
   752 | D:1      | Reached XP level 3. HP: 29/29 MP: 3/3
  1042 | D:2      | Found a blossoming altar of Fedhas.
  1467 | D:2      | Gained mutation: You have a pair of small horns on your
                  | head. [demonic ancestry]
  1467 | D:2      | Reached XP level 4. HP: 37/37 MP: 4/4
  1493 | D:2      | Noticed Sigmund
  1509 | D:2      | Killed Sigmund
  1509 | D:2      | Gained mutation: You are mostly covered in large bone
                  | plates. (SH +6) [demonic ancestry]
  1509 | D:2      | Reached XP level 5. HP: 33/43 MP: 5/5
  1629 | D:2      | Reached XP level 6. HP: 41/49 MP: 6/6
  1782 | D:2      | Found a glowing silver altar of Zin.
  1922 | D:2      | Noticed Jessica
  1926 | D:2      | Killed Jessica
  2218 | D:3      | Reached skill level 5 in Fighting
  2838 | D:4      | Found a bloodstained altar of Trog.
  2907 | D:4      | Found a staircase to the Ecumenical Temple.
  2920 | Temple   | Entered the Ecumenical Temple
  3080 | Temple   | Became a worshipper of Makhleb the Destroyer
  3153 | D:4      | Reached XP level 7. HP: 53/56 MP: 7/7
  3421 | D:5      | Entered Level 5 of the Dungeon
  3470 | D:5      | Reached skill level 1 in Invocations
  3513 | D:5      | Reached skill level 5 in Shields
  3673 | D:5      | Found an ornate altar of the Wu Jian Council.
  3675 | D:5      | Found a shattered altar of Ashenzari.
  3676 | D:5      | Found a white marble altar of Elyvilon.
  3768 | D:5      | Found Johiask's Antique Weapon Emporium.
  3798 | D:5      | Found Naeroqe's Antique Weapon Boutique.
  3870 | D:5      | Reached XP level 8. HP: 50/62 MP: 9/11
  3872 | D:5      | Found Weza's Distillery.
  3983 | D:5      | Found Iwir's Book Shop.
  4104 | D:5      | Found a basalt altar of Yredelemnul.
  4258 | D:6      | Reached skill level 5 in Invocations
  4270 | D:6      | Reached skill level 5 in Long Blades
  4492 | D:6      | Noticed Grinder
  4538 | D:6      | Killed Grinder
  4639 | D:6      | Reached * piety under Makhleb
  4669 | D:6      | Killed from afar by an orc priest

Levels and vault maps discovered:
D:1:      lightli_molten_gateway, layout_rooms
D:2:      minmay_evil_eye, layout_loops_corners, lemuel_doored_altar,
          zin_scriptorium, minmay_heptomino_h4, uniq_sigmund, uniq_jessica
D:3:      layout_rooms
D:4:      layout_basic, bloody_trog, minmay_temple_entry_offerings
D:5:      layout_loops_ring, kennysheep_little_box,
          chequers_temple_overflow_statue_of_worship, first_ration,
          serial_shops, shop, nicolae_shop_stone, nicolae_shop_window_shopping,
          nicolae_shop_waterfront
D:6:      layout_loops_cross, kennysheep_mini_moat, fedhas_ov_isle_minmay,
          uniq_grinder
Temple:   dpeg_chambers_temple

Skill      XL: |  1  2  3  4  5  6  7  8 |
---------------+-------------------------+-----
Armour         | 3 4 |  4.0
Long Blades    | 2 3 4 6 |  6.3
Shields        | 3 4 5 6 |  6.7
Fighting       | 4 5 |  5.0
Invocations    | 4 5 |  5.0

Action                   |  1- 3 |  4- 6 |  7- 9 || total
-------------------------+-------+-------+-------++-------
Melee: Long sword        |    46 |       |       ||    46
       Dagger            |    43 |   171 |   196 ||   410
       Headbutt          |       |    32 |    50 ||    82
Throw: Dart              |       |     9 |     4 ||    13
  Use: Potion            |       |     1 |     1 ||     2
       Scroll            |       |    14 |     4 ||    18
  Eat: Chunk             |     2 |     5 |     5 ||    12
Armor: Scale mail        |    37 |    19 |    23 ||    79
Dodge: Dodged            |    24 |    12 |    22 ||    58
Block: Kite shield       |    54 |   135 |   144 ||   333
       Rpst.: Long sword |     9 |       |       ||     9

Table legend:
 A = Non-vault XP
 B = Vault XP
 C = Vault XP percentage of total XP
 D = Non-vault monster count
 E = Vault monster count
 F = Vault count percentage of total count
                 A         B        C        D         E       F
            +---------+---------+-------+---------+---------+-------
      Total |    2123 |     574 |  21.3 |     118 |      10 |   7.8
            +---------+---------+-------+---------+---------+-------
        D:1 |      49 |       0 |   0.0 |      28 |       0 |   0.0
        D:2 |     139 |     288 |  67.4 |      26 |       9 |  25.7
        D:3 |      67 |       0 |   0.0 |      26 |       0 |   0.0
        D:4 |     270 |       0 |   0.0 |      10 |       0 |   0.0
        D:5 |     815 |       0 |   0.0 |      16 |       0 |   0.0
        D:6 |     783 |     286 |  26.8 |      12 |       1 |   7.7
            +---------+---------+-------+---------+---------+-------
